 Dungeon Crawl Stone Soup version 0.31-a0-83-gbff143cfd1 (webtiles) character file.

Game seed: 8348745612847879902

9 Esekla the Sneak (level 2, 0/21 HPs)
             Began as an Octopode Delver on May 24, 2023.
             Slain by a quokka (3 damage)
             ... on level 5 of the Dungeon.
             The game lasted 00:00:48 (22 turns).

Esekla the Sneak (Octopode Delver)                    Turns: 22, Time: 00:00:49

Health: 0/21       AC:  1    Str: 11    XL:     2   Next: 12%
Magic:  2/2        EV: 13    Int: 12    God:
Gold:   8          SH:  0    Dex: 13    Spells: 1/1 levels left

rFire   . . .        a - +0 falchion
rCold   . . .        (no shield)
rNeg    . . .        (helmet restricted)
rPois   .            (no amulet)
rElec   .            (no ring)
rCorr   .            (no ring)
SInv    .            (no ring)
Will    .....        (no ring)
Stlth   ++++         (no ring)
HPRegen 0.23/turn    (no ring)
MPRegen 0.08/turn    (no ring)
                     (no ring)

%: no passive effects
@: no status effects
A: almost no armour, amphibious, 8 rings, camouflage 1, gelatinous body 1,
(nimble swimmer 1), tentacles
a: no special abilities


You were on level 5 of the Dungeon.
You visited 1 branch of the dungeon, and saw 1 of its levels.

You collected 8 gold pieces.

Inventory:

Hand Weapons
 a - a +0 falchion (weapon)
Wands
 f - a wand of digging (3)
Scrolls
 b - a scroll of fog
 d - a scroll of fear
Potions
 e - a potion of haste


   Skills:
 * Level 3.1 Fighting
 * Level 2.1 Long Blades
 * Level 2.1 Dodging
 + Level 6.8 Stealth
 * Level 0.2 Spellcasting


You had one spell level left.
You didn't know any spells.
Your spell library was empty.

Dungeon Overview and Level Annotations

Branches:
Dungeon (5/15)             Temple (0/1) D:5

Altars:
Xom

Shops:
D:5 *


Innate Abilities, Weirdness & Mutations

You cannot wear most types of armour.
You are amphibious.
You can wear up to eight rings at the same time.
Your skin changes colour to match your surroundings (Stealth+).
Your rubbery body absorbs attacks. (AC +1, EV +1)
((You are camouflaged when in or above water. (Stealth+)))
You have tentacles for arms and can constrict up to eight enemies at once.


Message History

The ufetubus is engulfed in noxious fumes.
The ufetubus appears confused.
An adder comes into view.
Found a grey potion.
You see here a scroll labelled HIFFAU CIOMI.
You open the door.
Found Gempepno's General Store.
There is an open door here.
The adder attacks as you move away! The adder closely misses you. x2
There is an entrance to Gempepno's General Store here.
You can access your shopping list by pressing '$'.
As you read the scroll of magic mapping, it crumbles to dust.
You feel aware of your surroundings.
You sensed 1 altar.
The adder misses you.
You hit the adder but do no damage. Your grab misses the adder.
Your squeeze misses the adder. The adder bites you.
The adder closely misses you.
You closely miss the adder. You grab the adder. You squeeze the adder.
The adder is heavily wounded.
You constrict the adder, but do no damage.
The adder bites you.
You are poisoned.
The adder poisons you!
You hit the adder.
The adder is heavily wounded.
You constrict the adder.
You feel sick. The adder closely misses you. The adder bites you.
You barely miss the adder. You squeeze the adder.
You kill the adder!
You feel sick.
You have reached level 2!
You barely miss the quokka. You grab the quokka. You constrict the quokka.
You feel sick. The quokka bites you.
* * * LOW HITPOINT WARNING * * *
You hit the quokka.
You tentacle-slap the quokka, but do no damage.
The quokka is heavily wounded.
You constrict the quokka.
You feel sick.
You are no longer poisoned.
The quokka misses you. The quokka bites you.
You die...

***<*#...###......****~~o~~,*
*,,,,,#.....#.#+###≈~..,~~* *
**,****#..>.>.....o~...,,~*
** *,* ##.......o..r.5°,,~*
,***,* ##...#.....~.☼.,,~*
*,**,* #...'O....O~..,~~*
****,* #......o...o~~~~**
***,,* #...###.......****
,,,,** #..or@#.S.....,,,*
***** #...###..#####**,**
*#....,,,##** *,,*
#...!..,<,,,* **,***
#.......,,,,*****,,,,*
#........,,,,,**~,,,,*
#.........,,*,**~~,,**
#..........,,,*~~~~,**
*,,,,,,,,*,*,,*~~~,,~*


You could see an orc and a quokka.

Vanquished Creatures
  An adder (D:5)
1 creature vanquished.

Vanquished Creatures (others)
  A scorpion (D:5)
1 creature vanquished.

Grand Total: 2 creatures vanquished

Notes
Turn   | Place    | Note
-------+----------+-------------------------------------------
     0 | D:5      | Esekla the Octopode Delver began the quest for the Orb.
     0 | D:5      | Reached XP level 1. HP: 16/16 MP: 1/1
     3 | D:5      | Noticed an ogre
     4 | D:5      | Found a shimmering altar of Xom.
     5 | D:5      | Noticed a scorpion
    13 | D:5      | Found Gempepno's General Store.
    21 | D:5      | Reached XP level 2. HP: 6/21 MP: 2/2
    22 | D:5      | Killed a scorpion
    22 | D:5      | Slain by a quokka

Illustrated notes

Levels and vault maps discovered:
D:5:      wad_crossroads, layout_basic, xom_confusion_cloud,
          yredelemnul_altar_generic, minmay_temple_entry_fiery, serial_glass,
          glass_columns_a, glass_columns_a, due_unseen_surprise,
          item_on_display_b, serial_shops, kennysheep_mini_moat, uniq_menkaure

Action                     || total
---------------------------++-------
  Melee: Falchion          ||     6
         Tentacles         ||     2
         Constrict         ||     2
         Punch             ||     1
    Use: Scroll            ||     1
  Dodge: Dodged            ||     6

Table legend: (Time is in decaauts)
 A = Elapsed time spent in this place.
 B = Non-inter-level travel time spent in this place.
 C = Inter-level travel time spent in this place.
 D = Time resting spent in this place.
 E = Time spent auto-exploring this place.
 F = Levels seen in this place.
 G = Mean time per level.
                   A        B        C        D        E       F      G
               +--------+--------+--------+--------+--------+-----+--------+
         Total |     23 |     23 |      0 |      0 |      0 |   1 |   23.0 |
       Dungeon |     23 |     23 |      0 |      0 |      0 |   1 |   23.0 |
               +--------+--------+--------+--------+--------+-----+--------+

Top non-repeatable levels by time:
     D:5: 23 daAuts
